 Dungeon Crawl Stone Soup version 0.31-a0-1093-gadecf4124d (webtiles) character file.

Game seed: 13251030355424326497

429 Bnni the Poker (level 6, -6/57 HPs)
             Began as a Minotaur Fighter on Nov 29, 2023.
             Mangled by an ogre
             ... wielding a +0 giant club
              (26 damage)
             ... on level 4 of the Dungeon.
             The game lasted 00:04:08 (2309 turns).

Bnni the Poker (Minotaur Fighter)                   Turns: 2309, Time: 00:04:09

Health: -6/57      AC:  9    Str: 20    XL:     6   Next: 66%
Magic:  5/5        EV:  7    Int:  5    God:
Gold:   113        SH:  4    Dex: 12    Spells: 5/5 levels left

rFire   . . .        a - +0 trident
rCold   . . .        c - +0 buckler
rNeg    . . .        h - +0 chain mail
rPois   .            (helmet restricted)
rElec   .            (no cloak)
rCorr   .            (no gloves)
SInv    .            (no boots)
Will    .....        (no amulet) Stlth
                     (no ring)
HPRegen 0.29/turn    (no ring)
MPRegen 0.09/turn

%: no passive effects
@: no status effects
A: horns 2, retaliatory headbutt
a: no special abilities


You were on level 4 of the Dungeon.
You visited 1 branch of the dungeon, and saw 4 of its levels.

You collected 259 gold pieces.
You spent 146 gold pieces at shops.

Inventory:

Hand Weapons
 a - a +0 trident (weapon)
Missiles
 j - 4 poisoned darts
 p - 4 darts of dispersal
Armour
 c - a +0 buckler (worn)
 h - a +0 chain mail (worn)
Scrolls
 b - 2 scrolls of teleportation {unknown}
 d - a scroll of acquirement
 f - 4 scrolls of identify
 i - a scroll of amnesia {unknown}
 l - a scroll of noise {unknown}
 o - a scroll of fog
 q - a scroll of enchant weapon
Potions
 e - 2 potions of heal wounds
 g - 2 potions of attraction
 k - 4 potions of curing
 m - a potion of mutation
 n - a potion of enlightenment


   Skills:
 + Level 6.0 Fighting
 * Level 7.2 Polearms
 - Level 3.6 Armour
 - Level 3.6 Shields


You had 5 spell levels left.
You didn't know any spells.
Your spell library contained the following spells:

 Spells                   Type           Power      Damage    Failure   Level
 Apportation              Tloc           0%         N/A       99%         1
 Slow                     Hex            0%         N/A       99%         1
 Jinxbite                 Hex            0%         N/A       100%        2
 Wereblood                Tmut           0%         N/A       100%        2
 Confusing Touch          Hex            0%         N/A       100%        3
 Sigil of Binding         Hex            0%         N/A       100%        3
 Vampiric Draining        Necr           0%         2d6       100%        3
 Alistair's Intoxication  Tmut/Pois      0%         N/A       100%        5
 Irradiate                Conj/Tmut      0%         3d11      100%        5


Dungeon Overview and Level Annotations

Branches:
Dungeon (4/15)
 Temple: D:4-7

Altars:
Dithmenos
Kikubaaqudgha

Shops:
D:1 *   D:2 !   D:3 *

Portals:
Abyss: D:3


Innate Abilities, Weirdness & Mutations

You have a pair of horns on your head.
You reflexively headbutt those who attack you in melee.


Message History

f - 3 scrolls of identify (gained 1)
You see here 3 stones.
You open the door.
You hear the slow hiss of a very distant avalanche of sand.
There is an open door here.
f - 4 scrolls of identify (gained 1)
A goblin comes into view. It is wielding a +0 club.
The goblin shouts!
You reach to attack!
You hit the goblin but do no damage. You closely miss the goblin.
You block the goblin's attack.
You barely miss the goblin. The goblin hits you but does no damage.
You hit the goblin.
The goblin is moderately wounded.
The goblin barely misses you.
You puncture the goblin!
You kill the goblin!
No target in view!
You see here a +0 club.
You hear the hiss of a very distant avalanche of sand.
You open the door.
An ogre comes into view. It is wielding a +0 giant club.
The ogre shouts!
You hear an angry hiss.
An adder comes into view.
You reach to attack!
You closely miss the ogre. You hit the ogre.
The ogre is lightly wounded.
The ogre hits you with a +0 giant club!!
You barely miss the ogre.
The ogre is lightly wounded.
You puncture the ogre!
The ogre is heavily wounded.
The ogre hits you with a +0 giant club!
You are too injured to fight recklessly!
You are too injured to fight recklessly!
You are too injured to fight recklessly!
Okay, then.
You hit the ogre.
The ogre is heavily wounded.
The ogre hits you with a +0 giant club!!
You die...

#.# #.##
#..## ##..#
##.## #..##
##..##
#...###.###
#..@OS....+
#...#...###
#...# ..#
#...# ...
##### #.# .


You could see an ogre and an adder.

Vanquished Creatures
  The ghost of Malachi the Shooter, an amateur DsHu (D:3)
  A kobold brigand (D:3)
  A quasit (D:3)
  4 orc wizards
  4 adders
  A shadow imp (D:3)
  A worm (D:3)
  A dart slug (D:1)
  13 orcs
  7 endoplasms
  11 goblins
  10 hobgoblins
  3 quokkas (D:1)
  7 ball pythons
  5 bats
  3 frilled lizards
  5 kobolds
  8 rats
86 creatures vanquished.

Notes
Turn   | Place    | Note
-------+----------+-------------------------------------------
     0 | D:1      | Bnni the Minotaur Fighter began the quest for the Orb.
     0 | D:1      | Reached XP level 1. HP: 19/19 MP: 0/0
    89 | D:1      | Reached skill level 3 in Polearms
   115 | D:1      | Reached XP level 2. HP: 26/27 MP: 1/1
   315 | D:1      | Found Meown's Assorted Antiques.
   476 | D:1      | Reached XP level 3. HP: 33/33 MP: 2/2
   554 | D:1      | Found a faded altar of an unknown god.
   731 | D:1      | Reached skill level 4 in Polearms
   869 | D:2      | Found Fiuzey's Distillery.
   886 | D:2      | Bought 2 potions of curing for 78 gold pieces
   940 | D:2      | Reached XP level 4. HP: 41/41 MP: 3/3
   951 | D:2      | Found an ancient bone altar of Kikubaaqudgha.
  1207 | D:3      | Reached skill level 5 in Polearms
  1292 | D:3      | Found Fubieqon's General Store.
  1302 | D:3      | Bought a scroll of identify for 22 gold pieces
  1434 | D:3      | Reached XP level 5. HP: 47/47 MP: 4/4
  1441 | D:3      | Reached skill level 5 in Fighting
  1524 | D:3      | Found a transporter.
  1530 | D:3      | Found a transporter.
  1538 | D:3      | Found a one-way gate to the infinite horrors of the Abyss.
  1538 | D:3      | Noticed Malachi's ghost (amateur DsHu)
  1664 | D:3      | Found a shadowy altar of Dithmenos.
  1776 | D:3      | Reached skill level 6 in Polearms
  1787 | D:3      | Reached XP level 6. HP: 56/56 MP: 5/5
  1792 | D:3      | Killed Malachi's ghost
  1906 | D:1      | Bought a scroll labelled LOTOLU GYNO for 23 gold pieces
  1906 | D:1      | Bought a scroll labelled RARHER ITES for 23 gold pieces
  2128 | D:4      | Reached skill level 7 in Polearms
  2309 | D:4      | Mangled by an ogre

Illustrated notes

Levels and vault maps discovered:
D:1:      ncdulo_lavacross, layout_loops_ring, dreamdust_ecumenical_altar_grove,
          serial_bayou, serial_bayou_lagoon_b, serial_bayou_pond_c,
          serial_bayou_lake_a, serial_shops, nicolae_shop_behind_doors,
          minmay_nonomino_d4
D:2:      layout_rooms, basic_altar, serial_shops, nicolae_shop_waterfront
D:3:      layout_rooms, mainiacjoe_overflow_alcove_1, serial_shops, shop,
          gammafunk_ghost_abyssal_escape, minmay_misc_feat_roman
D:4:      layout_basic, mainiacjoe_overflow_brackets, minmay_temple_entry_trees,
          gup_ossuary_entry_pyramid

Skill      XL: |  1  2  3  4  5  6 |
---------------+-------------------+-----
Polearms       | 3 4 5 6 7 |  7.2
Fighting       | 4 5 6 |  6.0
Armour         | |  3.6
Shields        | |  3.6

Action                     |  1- 3 |  4- 6 || total
---------------------------+-------+-------++-------
  Melee: Trident           |    91 |   128 ||   219
         Headbutt          |    11 |    12 ||    23
    Use: Potion            |       |     1 ||     1
         Scroll            |       |     7 ||     7
 Armour: Scale mail        |    16 |       ||    16
         Chain mail        |    31 |    85 ||   116
  Dodge: Dodged            |    31 |    30 ||    61
  Block: Buckler           |     8 |    15 ||    23

Table legend: (Time is in decaauts)
 A = Elapsed time spent in this place.
 B = Non-inter-level travel time spent in this place.
 C = Inter-level travel time spent in this place.
 D = Time resting spent in this place.
 E = Time spent auto-exploring this place.
 F = Levels seen in this place.
 G = Mean time per level.
                   A        B        C        D        E       F      G
               +--------+--------+--------+--------+--------+-----+--------+
         Total |   2367 |   2148 |    219 |    122 |   1528 |   4 |  591.8 |
       Dungeon |   2367 |   2148 |    219 |    122 |   1528 |   4 |  591.8 |
               +--------+--------+--------+--------+--------+-----+--------+

Top non-repeatable levels by time:
     D:1: 897 daAuts
     D:3: 836 daAuts
     D:2: 419 daAuts
     D:4: 213 daAuts
